 Dungeon Crawl Stone Soup version 0.24-a0-584-g9d6b971 (webtiles) character file.

Game seed: 14714508554011382224, levelgen mode: deterministic

2319 tbh1313 the Basher (level 9, -5/82 HPs)
             Began as a Minotaur Monk on Sept 7, 2019.
             Was a Priest of Ashenzari.
             Slain by Grum
             ... wielding a -2 spear
              (10 damage)
             ... on level 8 of the Dungeon.
             The game lasted 00:16:20 (8826 turns).

tbh1313 the Basher (Minotaur Monk)                  Turns: 8826, Time: 00:16:20

Health: -5/82      AC:  7    Str: 18    XL:     9   Next: 18%
Magic:  8/8        EV:  7    Int:  8    God:    Ashenzari [***...]
Gold:   0          SH:  0    Dex: 13    Spells: 8/8 levels left

rFire    . . .     SeeInvis +   j - +0 whip (slash)
rCold    + + .     Gourm    .   (no shield)
rNeg     . . .     Faith    .   h - +2 chain mail {rC+} (curse)
rPois    .         Spirit   .   l - +1 hat (curse)
rElec    .         Reflect  .   a - +1 cloak (curse)
rCorr    .         Harm     .   v - +0 pair of gloves (curse)
MR       .....                  B - +0 pair of boots (curse)
Stlth    ..........             (no amulet)
HPRegen  0.23/turn              b - ring of protection from cold
MPRegen  0.11/turn              (no ring)

@: corroded, very heavily drained
A: retaliatory headbutt, horns 2
a: Curse Item, Scrying, Renounce Religion


You were on level 8 of the Dungeon.
You worshipped Ashenzari.
Ashenzari was most pleased with you.
You were not hungry.

You visited 2 branches of the dungeon, and saw 9 of its levels.

Inventory:

Hand Weapons
 j - a +0 whip of slashing (weapon)
Armour
 a - a cursed +1 cloak (worn)
 h - a cursed +2 chain mail of cold resistance (worn)
 l - a cursed +1 hat (worn)
 v - a cursed +0 pair of gloves (worn)
 B - a cursed +0 pair of boots (worn)
Jewellery
 b - a ring of protection from cold (left hand)
 p - a cursed amulet of inaccuracy
Wands
 g - a wand of enslavement (8)
 k - a wand of flame (16)
 q - a wand of digging (2)
 s - a wand of iceblast (12)
 y - a wand of disintegration (10)
Scrolls
 n - a scroll of magic mapping
 o - a scroll of remove curse
 t - a scroll of enchant armour
 u - 2 scrolls of immolation
Potions
 d - 2 potions of curing
 e - a potion of invisibility
 f - a potion of heal wounds {unknown}
 i - a potion of haste {unknown}
 m - a potion of berserk rage {unknown}
 r - a potion of ambrosia
 w - a potion of mutation
 D - a potion of agility
Comestibles
 c - 9 rations


   Skills:
 + Level 8.5(5.0) Fighting
 - Level 12.6(8.7) Maces & Flails
 - Level 3.2(0.2) Dodging
 - Level 1.5(0.0) Stealth


You had 8 spell levels left.
You didn't know any spells.
Your spell library was empty.

Dungeon Overview and Level Annotations

Branches:
Dungeon (8/15)             Temple (1/1) D:5
   Lair: D:8-11

Altars:
Ashenzari
Cheibriados
Elyvilon
Gozag
Hepliaklqana
Makhleb
Nemelex Xobeh
Okawaru
Qazlal
Ru
Sif Muna
Uskayaw
Wu Jian
Yredelemnul
Zin
The Shining One

Shops:
D:4 *   D:8 (

Annotations:
D:8 Grum, Maurice


Innate Abilities, Weirdness & Mutations

You reflexively headbutt those who attack you in melee.
You have a pair of horns on your head.


Message History

The wolf bites you but does no damage. The wolf bites you!
The wolf barely misses you. The wolf closely misses you.
The wolf bites you but does no damage. Grum completely misses you.
The wolf bites you. The wolf bites you.
* * * LOW HITPOINT WARNING * * *
The wolf bites you but does no damage. The wolf closely misses you.
You furiously retaliate!
You headbutt the wolf. The wolf bites you.
* * * LOW HITPOINT WARNING * * *
The wolf bites you.
* * * LOW HITPOINT WARNING * * *
The wolf bites you!
* * * LOW HITPOINT WARNING * * *
You feel better. The wolf bites you!
* * * LOW HITPOINT WARNING * * *
The wolf completely misses you. x2; The wolf bites you but does no damage.
The wolf closely misses you.
Grum hits you from afar with a -2 spear!
You die...

#.# #.# ...# * *
####.###.###...#+# ,,
#..................
#.##.###.#.....(....
,,
#,##.................
*,#.................#,
#,######.#..........#
#. #.#h.........#, ,
#.######.@h.........#
,
#........#hg........#*
*
###....#.#..........#
#....#.#..........#
#....#.#......$...# ,
#....#.+..........#
#....#.#...........
#....#.#...........
######.#########...,
,*


You could see Grum and 3 wolves.

Levels and vault maps discovered:
D:1:      elethiomel_arrival_quiet, layout_loops_ring, minmay_misc_feat_five
D:2:      layout_loops_corners, lemuel_doored_altar, first_ration
D:3:      layout_rooms, nicolae_ru_awakened_eye, grunt_temple_overflow_open,
          old_standard_altar, lemuel_round_altar,
          chequers_ecumenical_altar_island
D:4:      layout_cave_pods, nemelex_xobeh_ov_fountains_minmay, zin_purify,
          minitemple
D:5:      layout_cave_pools, minmay_temple_entry_enclosed_plants,
          okawaru_gym_becter
D:6:      layout_basic, kennysheep_slug_shrine, hangedman_decor_riveting
D:7:      layout_layer_cave
D:8:      layout_basic, kennysheep_mini_moat, ebering_ghost_reflecting_pool,
          serial_shops, shop, uniq_maurice, uniq_grum
Temple:   cyrus_temple_forest

Notes
Turn   | Place    | Note
-------+----------+-------------------------------------------
     0 | D:1      | tbh1313 the Minotaur Monk began the quest for the Orb.
     0 | D:1      | Reached XP level 1. HP: 19/19 MP: 0/0
    15 | D:1      | Reached skill level 4 in Maces & Flails
    70 | D:1      | Reached XP level 2. HP: 21/26 MP: 1/1
   462 | D:1      | Reached skill level 5 in Maces & Flails
   467 | D:1      | Reached XP level 3. HP: 20/31 MP: 2/2
  1003 | D:2      | Found a white marble altar of Elyvilon.
  1511 | D:2      | Reached XP level 4. HP: 37/39 MP: 3/3
  1512 | D:2      | Reached skill level 6 in Maces & Flails
  2059 | D:3      | Found a faded altar of an unknown god.
  2068 | D:3      | Found a sacrificial altar of Ru.
  2096 | D:3      | Found a hazy altar of Hepliaklqana.
  2155 | D:3      | Found a burning altar of Makhleb.
  2161 | D:3      | Found a basalt altar of Yredelemnul.
  2225 | D:3      | Found a hide-covered altar of Uskayaw.
  2478 | D:4      | Noticed an ogre
  2488 | D:4      | Killed an ogre
  2488 | D:4      | Reached skill level 7 in Maces & Flails
  2488 | D:4      | Reached XP level 5. HP: 9/45 MP: 4/4
  2768 | D:4      | Found Zin's Purification Station.
  2771 | D:4      | Found a glowing silver altar of Zin.
  2936 | D:4      | Reached skill level 8 in Maces & Flails
  2979 | D:4      | Reached XP level 6. HP: 35/51 MP: 5/5
  3268 | D:4      | Found a glowing golden altar of the Shining One.
  3272 | D:4      | Found an opulent altar of Gozag.
  3373 | D:4      | Found a sparkling altar of Nemelex Xobeh.
  3497 | D:5      | Entered Level 5 of the Dungeon
  3506 | D:5      | Noticed an ice beast
  3526 | D:4      | Killed an ice beast
  3537 | D:4      | Reached skill level 9 in Maces & Flails
  3816 | D:5      | Reached XP level 7. HP: 43/57 MP: 6/6
  3850 | D:5      | Reached skill level 10 in Maces & Flails
  4253 | D:5      | Found an iron altar of Okawaru.
  4372 | D:5      | Reached skill level 11 in Maces & Flails
  4597 | D:5      | Found a staircase to the Ecumenical Temple.
  4700 | Temple   | Entered the Ecumenical Temple
  4725 | Temple   | Became a worshipper of Ashenzari the Shackled
  4725 | Temple   | Reached * piety under Ashenzari
  4725 | Temple   | Reached ** piety under Ashenzari
  5065 | D:6      | Reached XP level 8. HP: 36/64 MP: 7/7
  5248 | D:6      | Found a snail-covered altar of Cheibriados.
  5754 | D:6      | Reached skill level 12 in Maces & Flails
  6308 | D:7      | Reached skill level 5 in Fighting
  8034 | D:8      | Noticed Maurice
  8083 | D:8      | Reached XP level 9. HP: 77/79 MP: 8/8
  8371 | D:8      | Reached *** piety under Ashenzari
  8768 | D:8      | Found Poifeev's Weapon Shop.
  8812 | D:8      | Noticed Grum
  8825 | D:8      | HP: 4/82 [wolf[Grum] (8)]
  8826 | D:8      | Slain by Grum

Table legend:
 A = Turns spent in this place as a percentage of turns spent in the entire game.
 B = Non-inter-level travel turns spent in this place as a percentage of non-inter-level travel turns spent in the entire game.
 C = Inter-level travel turns spent in this place as a percentage of turns spent in this place.
 D = Turns resting spent in this place as a percentage of non-inter-level travel turns spent in this place.
 E = Turns spent auto-exploring this place as a percentage of non-inter-level travel turns spent in this place.
 F = Non-inter-level travel turns spent in this place divided by the number of levels of this place that you've seen.
                   A       B       C       D       E      F
               +-------+-------+-------+-------+-------+----------------------
         Total | 100.0 | 100.0 |   4.0 |  30.1 |  51.3 | 941.6
       Dungeon |  99.4 |  99.7 |   3.7 |  30.2 |  51.2 | 1056.1
        Temple |   0.6 |   0.3 |  49.0 |   0.0 |  72.0 |  25.0
               +-------+-------+-------+-------+-------+----------------------

Table legend:
 A = Kills in this place as a percentage of kills in entire the game.
 B = Kills by you in this place as a percentage of kills by you in the entire game.
 C = Kills by friends in this place as a percentage of kills by friends in the entire game.
 D = Other kills in this place as a percentage of other kills in the entire game.
 E = Experience gained in this place as a percentage of experience gained in the entire game.
 F = Experience gained in this place divided by the number of levels of this place that you have seen.
                   A       B       C       D       E      F
               +-------+-------+-------+-------+-------+----------------------
         Total | 100.0 | 100.0 |   N/A |   N/A | 100.0 | 368.2
       Dungeon | 100.0 | 100.0 |   N/A |   N/A | 100.0 | 414.2
               +-------+-------+-------+-------+-------+----------------------

Action                   |  1- 3 |  4- 6 |  7- 9 || total
-------------------------+-------+-------+-------++-------
Melee: Mace              |    42 |       |       ||    42
       Headbutt          |    12 |    36 |   102 ||   150
       Whip              |    46 |   172 |   463 ||   681
       Great mace        |       |       |    17 ||    17
Throw: Throwing net      |       |       |     2 ||     2
Invok: Curse Item        |       |       |     5 ||     5
  Use: Scroll            |       |     7 |     5 ||    12
       Potion            |       |     1 |     4 ||     5
 Stab: Sleeping          |     2 |       |       ||     2
       Held in net/web   |       |       |     3 ||     3
  Eat: Chunk             |     2 |     7 |     9 ||    18
       Ration            |       |       |     2 ||     2
Armor: Robe              |     9 |       |       ||     9
       Chain mail        |    25 |    77 |   131 ||   233
       Plate armour      |       |       |    68 ||    68
Dodge: Dodged            |    67 |    52 |   104 ||   223

Vanquished Creatures
  4 orc warriors
  A black bear (D:8)
  2 sky beasts
  A necrophage (D:7)
  An ice beast (D:4)
  2 ogres
  A centaur (D:4)
  2 bullfrogs
  A scorpion (D:5)
  3 crimson imps
  A bullfrog zombie (D:7)
  2 jellies
  2 hounds (D:4)
  10 orc wizards
  A bullfrog skeleton (D:6)
  A gnoll shaman (D:7)
  A centaur skeleton (D:5)
  2 iguanas
  5 worker ants
  A hound skeleton (D:5)
  11 gnolls
  3 adders
  2 oozes
  An adder zombie (D:5)
  A worm (D:4)
  4 dart slugs
  3 leopard geckos
  16 orcs
  5 bats
  10 giant cockroaches
  11 goblins
  6 hobgoblins
  12 jackals
  6 quokkas
  A ball python (D:7)
  3 frilled lizards
  A jackal skeleton (D:5)
  7 kobolds
  A leopard gecko skeleton (D:4)
  A quokka skeleton (D:5)
  9 rats
158 creatures vanquished.
